 Dungeon Crawl Stone Soup version 0.30-a0-728-gc68057be0a (webtiles) character file.

Game seed: 10852829471295995307

3234 brightshaft the Covered (level 9, -1/80 HPs)
             Began as an Armataur Berserker on Jan 30, 2023.
             Was a Priest of Trog.
             Slain by a cyclops (11 damage)
             ... on level 8 of the Dungeon.
             The game lasted 00:10:46 (6067 turns).

brightshaft the Covered (Armataur Berserker)        Turns: 6067, Time: 00:10:47

Health: -1/80      AC: 16    Str: 26    XL:     9   Next: 66%
Magic:  9/9        EV:  8    Int:  8    God:    Trog [***...]
Gold:   471        SH:  0    Dex: 10    Spells: 8/8 levels left

rFire   . . .      SeeInvis .    a - +6 quarterstaff (freeze)
rCold   . . .      Faith    .    (shield currently unavailable)
rNeg    . . .      Spirit   .    d - +0 chain mail
rPois   .          Reflect  .    h - +2 helmet
rElec   .          Harm     .    m - +2 cloak {Will+}
rCorr   .          Roll     +    (no gloves)
Will    +++..                    (no barding) Stlth
                                 (no amulet)
HPRegen 1.33/turn                (no ring)
MPRegen 0.11/turn                (no ring)

@: strong-willed, on berserk cooldown, regenerating, slowed, very slow
A: large, rugged brown scales 3, deformed body, armoured tail, roll, long
tongue, awkward tongue
a: Renounce Religion, Berserk, Trog's Hand


You were on level 8 of the Dungeon.
You worshipped Trog.
Trog was most pleased with you.
You visited 1 branch of the dungeon, and saw 8 of its levels.
You also visited: Sewer.

You collected 471 gold pieces.

Inventory:

Hand Weapons
 a - a +6 quarterstaff of freezing (weapon)
Armour
 d - a +0 chain mail (worn)
 g - a +3 leather armour of poison resistance
 h - a +2 helmet (worn)
 m - a +2 cloak of willpower (worn)
Jewellery
 q - a ring of magical power
Wands
 p - a wand of iceblast (3)
 t - a wand of light (9)
Scrolls
 b - a scroll of brand weapon
 n - a scroll of summoning
 o - 2 scrolls of enchant armour
 s - 3 scrolls of fear {unknown}
 u - a scroll of teleportation {@r4}
Potions
 c - 5 potions of might
 e - 7 potions of mutation
 f - 3 potions of curing {@q1}
 i - a potion of berserk rage {unknown}
 k - 2 potions of brilliance {unknown}
 l - a potion of flight {unknown}
 r - a potion of attraction {unknown}


   Skills:
 + Level 6.2 Fighting
 - Level 3.4 Axes
 * Level 7.4 Staves
 + Level 7.6 Armour
 + Level 4.7 Dodging


You had 8 spell levels left.
You didn't know any spells.
Your spell library was empty.

Dungeon Overview and Level Annotations

Branches:
Dungeon (8/15)             Temple (0/1) D:6           Sewer (visited)
   Lair: D:8-11

Altars:
Ashenzari
Elyvilon
Hepliaklqana
Kikubaaqudgha
Makhleb
Ru
Trog
Uskayaw

Shops:
D:6 :   D:7 (=

Annotations:
D:6 2 transporters, NinjaNoafa's ghost, novice HOFi


Innate Abilities, Weirdness & Mutations

You are completely covered in rugged brown scales. (AC +3, +7% HP)
Armour fits poorly on your strangely shaped body.
You have a long armoured tail.
You roll when moving toward enemies. (Rampage)
Your long tongue fully drains potion bottles. (2x potion effects)
Your tongue gives you trouble enunciating. (1.5x scroll delay)


Message History

You throw a poisoned dart. The poisoned dart hits the cyclops.
The cyclops looks as sick as possible!
The cyclops is lightly wounded.
Throw: 2 darts (poison)
Press: ? - help, Q - select action, (/) - cycle Shift-Dir - straight line, f/p - cyclops
Aim: a cyclops, quivering large rocks (lightly wounded, extremely poisoned, 86% to hit)
You throw a poisoned dart. The poisoned dart hits the cyclops.
The cyclops is lightly wounded.
Throw: dart (poison)
Press: ? - help, Q - select action, (/) - cycle Shift-Dir - straight line, f/p - cyclops
Aim: a cyclops, quivering large rocks (lightly wounded, very poisoned, 86% to hit)
You throw a poisoned dart. The poisoned dart hits the cyclops.
The cyclops looks as sick as possible!
The cyclops is lightly wounded.
You hit the cyclops but do no damage. You tail-slap the cyclops!
The cyclops is heavily wounded.
You barely miss the cyclops.
The cyclops is heavily wounded.
The cyclops hits you!!
* * * LOW HITPOINT WARNING * * *
You barely miss the cyclops.
The cyclops is heavily wounded.
The cyclops hits you!!
* * * LOW HITPOINT WARNING * * *
You slurp down every last drop of the 4 potions of curing {@q1}!
You feel better.
The cyclops hits you but does no damage.
Your skin crawls.
You feel strong-willed.
You can no longer call in reinforcements.
The cyclops hits you!
* * * LOW HITPOINT WARNING * * *
You hit the cyclops. You freeze the cyclops.
The cyclops is severely wounded.
The cyclops hits you!
* * * LOW HITPOINT WARNING * * *
You hit the cyclops but do no damage.
The cyclops is severely wounded.
The cyclops hits you!
You die...

....... ....................
................((.#.........
..................##.........
....... .......(...#.........
. ..... #......(.............
.. ... ##...................
...###.##....(...............
.......)#...C....#...#.#.#...
.####..))...@....#...#......#
#..).................#..
.######..####...##...#...#..
.........#####..##...####.
.....#.....>....##..... ....
####.##.....#...... ...
#.###....# ##.. ### #...## ##
##.##


You could see a cyclops (very poisoned).

Vanquished Creatures
  Erica (D:8)
  2 steam dragons
  2 sky beasts
  2 ice beasts
  An orc warrior (D:7)
  An ogre (D:4)
  A phantom (D:4)
  A kobold brigand (D:7)
  2 bullfrogs (D:8)
  3 necrophages
  A gnoll sergeant (D:5)
  2 scorpions
  7 wights
  A lava snake (D:7)
  A jelly (D:6)
  Crazy Yiuf (D:2)
  An orc priest (D:7)
  4 hounds
  A gnoll bouda (D:8)
  Terence (D:2)
  2 iguanas (D:4)
  A hell rat (Sewer)
  3 orc wizards
  12 gnolls
  5 adders
  5 river rats
  A white imp (D:6)
  An ufetubus (D:6)
  3 worms
  2 dart slugs
  27 orcs
  8 endoplasms
  7 giant cockroaches
  12 goblins
  9 hobgoblins
  3 jackals (D:4)
  16 kobolds
  2 quokkas
  6 ball pythons
  4 bats
  3 frilled lizards (D:1)
  12 rats
180 creatures vanquished.

Vanquished Creatures (others)
  An orc wizard (D:7)
1 creature vanquished.

Grand Total: 181 creatures vanquished

Notes
Turn   | Place    | Note
-------+----------+-------------------------------------------
     0 | D:1      | brightshaft the Armataur Berserker began the quest for the
                  | Orb.
     0 | D:1      | Reached XP level 1. HP: 19/19 MP: 1/1
    67 | D:1      | Reached XP level 2. HP: 26/26 MP: 2/2
   400 | D:1      | Reached XP level 3. HP: 32/32 MP: 3/3
   634 | D:2      | Noticed Terence
   640 | D:2      | Killed Terence
   736 | D:2      | Reached XP level 4. HP: 40/40 MP: 4/4
   817 | D:2      | Found a sacrificial altar of Ru.
   864 | D:2      | Reached ** piety under Trog
  1285 | D:2      | Found a runed translucent door.
  1286 | D:2      | Noticed Crazy Yiuf
  1292 | D:2      | Killed Crazy Yiuf
  1650 | D:3      | Found a bloodstained altar of Trog.
  1788 | D:3      | Found a glowing drain.
  1795 | D:3      | Reached XP level 5. HP: 48/48 MP: 5/5
  1797 | Sewer    | Entered a sewer
  1819 | Sewer    | Reached skill level 1 in Staves
  2516 | D:4      | Noticed a phantom
  2521 | D:4      | Killed a phantom
  2522 | D:4      | Reached XP level 6. HP: 54/54 MP: 6/6
  2734 | D:4      | Reached *** piety under Trog
  2802 | D:4      | Reached XP level 7. HP: 51/63 MP: 7/7
  3096 | D:5      | Entered Level 5 of the Dungeon
  3139 | D:5      | Reached skill level 5 in Armour
  3589 | D:5      | Found a white marble altar of Elyvilon.
  3923 | D:6      | Found a broken altar of Ashenzari.
  3941 | D:6      | Found Atsanue's Book Shoppe.
  3965 | D:6      | Reached XP level 8. HP: 61/71 MP: 8/8
  4277 | D:6      | Found a staircase to the Ecumenical Temple.
  4387 | D:6      | Found a transporter.
  4405 | D:6      | Reached skill level 5 in Staves
  4468 | D:6      | Found a transporter.
  4471 | D:6      | Noticed NinjaNoafa's ghost (novice HOFi)
  4524 | D:6      | Found a burning altar of Makhleb.
  4641 | D:6      | Reached skill level 5 in Fighting
  5131 | D:7      | HP: 4/108 [orc/+0 dagger (3)]
  5344 | D:7      | Reached XP level 9. HP: 71/79 MP: 9/9
  5377 | D:7      | Found a hide-covered altar of Uskayaw.
  5377 | D:7      | Found an ancient bone altar of Kikubaaqudgha.
  5385 | D:7      | Found Yhok's One-of-a-Kind Rings.
  5416 | D:7      | Found Fedif's Weapon Boutique.
  5844 | D:7      | Found a hazy altar of Hepliaklqana.
  5875 | D:8      | Noticed Erica
  5887 | D:8      | Killed Erica
  6037 | D:8      | Reached **** piety under Trog
  6052 | D:8      | Noticed a cyclops
  6063 | D:8      | HP: 4/80 [cyclops (19)]
  6067 | D:8      | Slain by a cyclops

Illustrated notes

Levels and vault maps discovered:
D:1:      wander_arrival_chamber, layout_rooms
D:2:      layout_rooms, basic_altar, uniq_terence, uniq_crazy_yiuf_cottage
D:3:      layout_basic, nicolae_overflow_crystal_walls, portal_sewer_entry_e
D:4:      layout_rooms, minmay_goblin_kobold_house
D:5:      layout_rooms, elyvilon_altar_5, dreamdust_princess_bridge,
          hangedman_decor_push, kennysheep_potato
D:6:      layout_basic, mainiacjoe_overflow_surrounded_room,
          mainiacjoe_overflow_alcove_2, temple_doors_e, serial_shops,
          nicolae_shop_temple_entry_statues_fountains,
          gammafunk_ghost_stat_death
D:7:      layout_gridville, worldfamousw_hep_ancestral_shrine,
          nicolae_overflow_two_pavilions, serial_shops, nicolae_diamond_shop,
          nicolae_shop_unique_rings, lightli_orcish_oven
D:8:      layout_cave_pools, nicolae_gozag_zags_fifth_avenue,
          serial_column_ruins, column_ruins_hut_ruined,
          column_ruins_courtyard_long, column_ruins_open_medium,
          column_ruins_grid_1, column_ruins_open_medium,
          column_ruins_open_tiny_water, column_ruins_open_tiny,
          column_ruins_columns_water, uniq_erica

Skill      XL: |  1  2  3  4  5  6  7  8  9 |
---------------+----------------------------+-----
Axes           | 3 |  3.4
Fighting       | 3 4 5 6 |  6.2
Armour         | 3 4 5 6 7 |  7.6
Dodging        | 2 3 4 |  4.7
Staves         | 2 3 4 6 7 |  7.4

Action                     |  1- 3 |  4- 6 |  7- 9 || total
---------------------------+-------+-------+-------++-------
  Melee: Hand axe          |   100 |    26 |       ||   126
         Tailslap          |     4 |    16 |    16 ||    36
         Quarterstaff      |       |   119 |   225 ||   344
  Throw: Dart              |       |       |     8 ||     8
 Invoke: Berserk           |     3 |     2 |     6 ||    11
         Trog's Hand       |       |     1 |     3 ||     4
    Use: Scroll            |       |    11 |     5 ||    16
         Potion            |       |       |     2 ||     2
 Armour: Animal skin       |    40 |       |       ||    40
         Leather armour    |     6 |     8 |       ||    14
         Chain mail        |       |    75 |   135 ||   210
  Dodge: Dodged            |    43 |    49 |    74 ||   166

Table legend: (Time is in decaauts)
 A = Elapsed time spent in this place.
 B = Non-inter-level travel time spent in this place.
 C = Inter-level travel time spent in this place.
 D = Time resting spent in this place.
 E = Time spent auto-exploring this place.
 F = Levels seen in this place.
 G = Mean time per level.
                   A        B        C        D        E       F      G
               +--------+--------+--------+--------+--------+-----+--------+
         Total |   6205 |   6078 |    127 |      0 |   4883 |   9 |  689.4 |
       Dungeon |   5933 |   5806 |    127 |      0 |   4686 |   8 |  741.6 |
         Sewer |    272 |    272 |      0 |      0 |    197 |   1 |  272.0 |
               +--------+--------+--------+--------+--------+-----+--------+

Top non-repeatable levels by time:
     D:7: 1075 daAuts
     D:6: 993 daAuts
     D:3: 950 daAuts
     D:5: 820 daAuts
     D:2: 806 daAuts
     D:1: 661 daAuts
     D:4: 494 daAuts
   Sewer: 272 daAuts
     D:8: 131 daAuts
